AoeStats
← Carple

MegaRandom

507006180Analyzed
1v1 RM · 17d ago on Sep 16, 2026· 60m 17s· 2 players
Game mode
Random Map
Map size
Tiny (2 player)
Population
200
Speed
Normal
Resources
Standard
Victory
Conquest
Starting age
Dark Age
Ending age
Imperial Age
RankedLock teamsTeams togetherTeam positionsShared explorationLock speedFull tech treeHidden civsTurbo modeCheats
Victory
Defeat
🇲🇽 Chinese · Mexico
1279
+16
🇨🇦 Japanese · Canada
1286
-16
[DM]DanielSnake
0:26 Loom
10:55 Feudal Age
12:24 Man-at-Arms
14:04 Double-Bit Axe
20:06 Town Watch
20:44 Fletching
26:20 Castle Age
25:00 Gold Mining
25:44 Padded Archer Armor
26:14 Scale Barding Armor
27:35 Bodkin Arrow
28:34 Crossbowman
33:23 Ballistics
39:54 Imperial Age
37:57 Forging
40:06 Bloodlines
39:16 Light Cavalry
40:31 Husbandry
43:58 Chain Barding Armor
45:37 Iron Casting
46:10 Arbalester
46:58 Bracer
47:13 Leather Archer Armor
47:26 Thumb Ring
48:03 Conscription
49:02 Wheelbarrow
49:06 Bow Saw
49:45 Plate Barding Armor
51:54 Ring Archer Armor
52:28 Blast Furnace
51:42 Elite Skirmisher
53:58 Rocketry
56:15 Hand Cart
57:40 Chemistry
Carple
4:04 Loom
10:23 Feudal Age
10:53 Double-Bit Axe
17:47 Castle Age
19:40 Fletching
27:47 Elite Skirmisher
34:14 Bow Saw
38:31 Imperial Age
37:29 Forging
37:13 Horse Collar
39:05 Wheelbarrow
38:45 Squires
40:54 Padded Archer Armor
41:34 Conscription
44:35 Pikeman
45:28 Scale Mail Armor
47:54 Town Watch
51:54 Two-Man Saw
51:08 Bodkin Arrow
51:29 Leather Archer Armor
53:03 Bracer
53:34 Ring Archer Armor
52:33 Halberdier
53:02 Arson
55:39 Ballistics
56:20 Chemistry
Connection lost

Rejoining the realm…

Still unreachable

The connection could not be restored.

Session expired

The server has moved on; the page needs a fresh start.